Map: Tourmaline LE

Players

Geralt (Gerald)

  • Race: Protoss Protoss
  • League: Grandmaster
  • Spawn Location: 1:00

SZNightMare (NightMare) - Winner!

  • Race: Protoss Protoss
  • League: Master
  • Spawn Location: 7:00

VOD

Have the link to the VOD?

Description

Time

  • Played on: Jan. 30, 2026, 6:16 a.m.
  • Length: 8:38
Show
View Real Time Build Order
Export as new Build Order

Geralt Protoss 

Build Orders:  

Get SALT Encoding   

  12  0:00  Probe  
  13  0:12  Probe  
  14  0:17  Pylon  
  14  0:23  Probe  
  15  0:31  Probe  
  15  0:36  Gateway  
  15  0:39  Probe  
  16  0:46  Assimilator  
  17  0:51  Probe  
  17  0:53  Assimilator  
  18  0:59  Probe  
  19  1:07  Probe, Gateway  
  19  1:17  Probe  
  20  1:23  Cybernetics Core  
  21  1:29  Probe  
  22  1:34  Pylon  
  22  1:42  Probe  
  23  1:54  Probe  
  24  1:57  Stalker x2  
  28  2:06  Probe, Warp Gate  
  29  2:11  Pylon  
  29  2:20  Probe  
  30  2:25  Pylon  
  30  2:28  Stalker  
  30  2:29  Stalker  
  33  2:48  Probe  
  34  3:00  Nexus  
  34  3:01  Stalker x2  
  34  3:05  Probe  
  35  3:06  Sentry  
  37  3:15  Pylon  
  35  3:25  Shield Battery  
  35  3:26  Stalker  
  37  3:38  Probe  
  36  3:42  Shield Battery  
  36  3:46  Twilight Council  
  36  3:54  Probe, Stalker  
  39  4:04  Blink  
  39  4:06  Probe  
  39  4:09  Stalker  
  42  4:11  Probe  
  42  4:14  Probe  
  43  4:19  Probe  
  43  4:22  Probe  
  46  4:31  Probe  
  46  4:35  Adept x2  
  46  4:37  Probe  
  52  4:46  Probe, Gateway  
  52  4:49  Probe  
  54  4:58  Probe  
  55  5:01  Probe  
  55  5:02  Stalker x2  
  60  5:10  Probe  
  60  5:13  Probe  
  62  5:19  Robotics Facility  
  62  5:33  Pylon  
  62  5:39  Gateway  
  62  5:40  Gateway  
  62  5:44  Assimilator  
  62  5:51  Probe  
  62  5:56  Nexus  
  63  5:57  Stalker x2  
  63  6:03  Stalker  
  70  6:04  Probe  
  70  6:07  Pylon  
  70  6:16  Pylon  
  70  6:20  Forge  
  70  6:25  Observer, Probe x2  
  73  6:26  Pylon  
  73  6:28  Stalker  
  73  6:29  Stalker  
  77  6:33  Shield Battery  
  77  6:37  Probe x2  
  79  6:49  Probe x2  
  79  6:52  Charge  
  77  7:01  Stalker x4, Probe  
  77  7:02  Probe  
  87  7:13  Probe  
  79  7:25  Immortal  
  79  7:29  Stalker x3  
  87  7:30  Probe  
  87  7:33  Probe x2  
  87  7:35  Zealot x2  
  93  7:42  Probe  
  92  7:44  Probe  
  92  7:45  Probe  
  92  7:54  Zealot x3  
  92  7:55  Probe  
  92  7:56  Probe, Stalker x2  
  91  8:14  Stalker x2  
  83  8:22  Nexus  
  83  8:23  Stalker  
Show
View Real Time Build Order
Export as new Build Order

SZNightMare Protoss - Winner!

Build Orders:  

Get SALT Encoding   

  12  0:00  Probe  
  13  0:12  Probe  
  14  0:17  Pylon  
  14  0:24  Probe  
  15  0:32  Probe  
  15  0:37  Gateway  
  15  0:40  Probe  
  16  0:46  Assimilator  
  17  0:51  Probe  
  17  0:54  Assimilator  
  18  0:59  Probe  
  19  1:07  Probe  
  19  1:08  Gateway  
  19  1:17  Probe  
  20  1:24  Cybernetics Core  
  21  1:29  Probe  
  22  1:36  Pylon  
  22  1:41  Probe  
  23  1:54  Probe  
  24  1:58  Stalker x2  
  28  2:03  Warp Gate  
  28  2:11  Pylon  
  28  2:22  Pylon  
  28  2:29  Stalker x2  
  31  3:00  Nexus  
  31  3:01  Sentry x2  
  35  3:09  Robotics Facility  
  35  3:17  Shield Battery  
  35  3:23  Pylon  
  35  3:25  Probe  
  36  3:37  Probe  
  37  3:45  Probe, Warp Prism  
  37  3:53  Probe  
  38  4:02  Adept x2  
  45  4:05  Probe  
  45  4:09  Probe  
  47  4:17  Probe x2  
  47  4:21  Observer  
  50  4:26  Twilight Council  
  50  4:27  Probe  
  50  4:29  Probe  
  52  4:34  Pylon  
  52  4:39  Probe  
  52  4:43  Stalker  
  52  4:45  Stalker  
  57  4:49  Probe  
  57  4:50  Immortal  
  57  4:51  Probe  
  59  5:00  Blink  
  59  5:02  Probe  
  64  5:11  Probe  
  64  5:14  Probe  
  66  5:18  Stalker x2  
  70  5:26  Pylon  
  70  5:36  Nexus  
  70  5:40  Pylon  
  70  5:45  Probe x2  
  70  5:49  Assimilator  
  72  5:54  Stalker x2  
  76  5:57  Probe x2  
  76  6:00  Pylon  
  78  6:06  Shield Battery  
  78  6:10  Probe x2, Immortal  
  84  6:24  Probe x2  
  86  6:29  Gateway  
  86  6:32  Gateway  
  86  6:33  Forge  
  86  6:37  Probe x2  
  88  6:45  Stalker x2  
  91  6:52  Probe x2  
  87  7:03  Probe  
  87  7:04  Probe  
  85  7:10  Stalker x2  
  87  7:17  Gateway, Probe x2  
  87  7:18  Gateway  
  87  7:19  Probe, Gateway  
  88  7:27  Stalker  
  88  7:28  Stalker  
  90  7:31  Probe x2  
  92  7:48  Stalker  
  92  7:49  Stalker  
  94  7:57  Stalker x2  
  96  8:00  Probe x2  
  96  8:01  Pylon x2  
  82  8:13  Stalker x3  
  82  8:17  Stalker x2  
  82  8:23  Probe x3  
  81  8:31  Stalker x2  
Tags
 
Add a new tag
Caveats
  • Supply blocks, unpowered buildings, or Contaminate may cause inaccurate times.
  • Supply counts are checked every 10 seconds.